 Dungeon Crawl Stone Soup version 0.19-a0-599-g723c685 (webtiles) character file.

142 mopl the Ruffian (level 5, 0/66 HPs)
             Began as a Naga Transmuter on June 11, 2016.
             Killed from afar by Canard's ghost (7 damage)
             ... with a magic dart
             ... on level 3 of the Dungeon.
             The game lasted 00:04:48 (2899 turns).

mopl the Ruffian (Naga Transmuter)                  Turns: 2899, Time: 00:04:49

Health: 0/66       AC:  4    Str: 19    XL:     5   Next: 24%
Magic:  4/8        EV: 10    Int: 13    God:
Gold:   152        SH:  0    Dex: 11    Spells: 3 memorised, 2 levels left

rFire  + . .     SeeInvis +       - Unarmed
rCold  . . .     Gourm    .     b - +0 robe
rNeg   . . .     Faith    .     (no shield)
rPois  +         Spirit   .     (no helmet)
rElec  .         Dismiss  .     i - +0 cloak
rCorr  .         Reflect  .     s - +0 pair of gloves
SustAt .         Harm     .     (no barding)
MR     .....                    (no amulet)
Stlth  ..........               (no ring)
                                k - ring of protection from fire

@: berserking, very slightly contaminated, quick, not resistant to hostile
enchantments, extremely unstealthy
A: see invisible, deformed body, poison resistance, slowness 2, slow metabolism
1, spit poison 2, AC +1
a: Spit Poison


You were on level 3 of the Dungeon.
You were not hungry.

You visited 1 branch of the dungeon, and saw 3 of its levels.

You collected 152 gold pieces.

Inventory:

Missiles
 a - 27 arrows
 q - 8 javelins (quivered)
 u - 4 tomahawks
Armour
 b - a +0 robe (worn)
 i - a +0 cloak (worn)
 s - a +0 pair of gloves (worn)
Jewellery
 k - a ring of protection from fire (left hand)
Scrolls
 e - 2 scrolls of blinking {unknown}
 g - 4 scrolls of identify {unknown}
 j - a scroll of amnesia {unknown}
 r - a scroll of recharging {unknown}
 t - a scroll of remove curse {unknown}
Potions
 l - a potion of heal wounds {unknown}
 m - a potion of magic {unknown}
 n - a potion of brilliance {unknown}
 o - a potion of curing {unknown}
Books
 c - a book of Changes

   Spells                             Type                      Level
   a - Beastly Appendage              Transmutation                1
   b - Sticks to Snakes               Transmutation                2
   c - Spider Form                    Transmutation/Poison         3
   d - Ice Form                       Ice/Transmutation            4
   e - Blade Hands                    Transmutation                5
Comestibles
 d - 4 bread rations
 f - a meat ration
 p - a beef jerky
 v - 2 chunks of flesh


   Skills:
 - Level 1.0 Fighting
 - Level 1.5 Dodging
 * Level 4.7 Unarmed Combat
 - Level 2.0 Spellcasting
 + Level 3.3 Transmutations
 - Level 2.0 Poison Magic


You had 2 spell levels left.
You knew the following spells:

 Your Spells              Type           Power        Failure   Level  Hunger
a - Beastly Appendage     Tmut           ##....       10%         1    ##.....
b - Spider Form           Tmut/Pois      #.........   28%         3    ####...
w - Sticks to Snakes      Tmut           ##......     12%         2    ###....


Dungeon Overview and Level Annotations

Branches:
Dungeon (3/15)

Altars:
Fedhas
Okawaru
Yredelemnul

Annotations:
D:3 Canard's ghost, amateur OpCj


Innate Abilities, Weirdness & Mutations

You cannot wear boots.
Your serpentine skin is tough. (AC +1)
You have supernaturally acute eyesight. (SInv)
Armour fits poorly on your strangely shaped body.
Your system is resistant to poisons. (rPois)
You cover ground very slowly.
You have a slow metabolism.
You can spit poison.


Message History

Confirm with . or Enter, or press ? or * to list all spells.
You miscast Sticks to Snakes.
You are very lightly contaminated with residual magic.
Nothing appears to happen.
Canard's ghost casts a spell at you. The magic dart hits you!
* * * LOW HITPOINT WARNING * * *
You completely miss Canard's ghost.
Canard's ghost is heavily damaged.
Your transformation has ended.
Your +0 cloak unmelds from your body.
Your +0 pair of gloves unmelds from your body.
Your +0 robe unmelds from your body.
Canard's ghost hits you.
* * * LOW HITPOINT WARNING * * *
It was a potion of berserk rage.
A red film seems to cover your vision as you go berserk!
You feel yourself moving faster!
You feel mighty! Canard's ghost casts a spell at you. The magic dart hits you!
You die...

##### #...# ..# #.[.#
....%#####@..#
.........W...#############
........................>#
..#.######...#######.###.#
#########.#........#
#......#.#
........#.#.####.#.#
#......#.#
...####.#.#.#.<#.#.##
#......#.#
......#.#.#.#..#.#..#
#......#.#
...##.#.#.#.##.#.#..#
#......#.#


You could see Canard's ghost.

Vanquished Creatures
  An orc wizard (D:3)
  Ijyb (D:2)
  An adder (D:3)
  An adder skeleton (D:3)
  A worm (D:3)
  A dart slug (D:2)
  2 giant geckos (D:1)
  4 orcs (D:3)
  2 giant cockroaches (D:1)
  11 goblins
  9 hobgoblins
  2 jackals (D:1)
  7 bats
  3 giant newts
  10 kobolds
  6 rats
62 creatures vanquished.

Notes
Turn   | Place    | Note
--------------------------------------------------------------
     0 | D:1      | mopl the Naga Transmuter began the quest for the Orb.
     0 | D:1      | Reached XP level 1. HP: 18/18 MP: 3/3
   409 | D:1      | Reached XP level 2. HP: 25/25 MP: 5/5
   473 | D:1      | Learned a level 2 spell: Sticks to Snakes
   666 | D:1      | Reached XP level 3. HP: 19/31 MP: 6/6
   793 | D:1      | Learned a level 3 spell: Spider Form
  1513 | D:1      | Reached skill level 1 in Poison Magic
  1704 | D:2      | Noticed Ijyb
  1721 | D:2      | Killed Ijyb
  1721 | D:2      | Reached skill level 4 in Unarmed Combat
  1721 | D:2      | Reached XP level 4. HP: 25/38 MP: 1/7
  1741 | D:2      | Reached skill level 2 in Poison Magic
  1904 | D:2      | Found a blossoming altar of Fedhas.
  2400 | D:2      | Found an iron altar of Okawaru.
  2401 | D:2      | Found a basalt altar of Yredelemnul.
  2540 | D:3      | Reached skill level 3 in Transmutations
  2545 | D:3      | Reached XP level 5. HP: 36/44 MP: 5/8
  2881 | D:3      | Noticed Canard's ghost (amateur OpCj)
  2899 | D:3      | Killed from afar by Canard's ghost

Vault maps used:
D:1:      elethiomel_arrival_infinity_welcomes_careful_drivers,
          serial_bayou_lake_a
D:2:      gammafunk_temple_overflow_statue, fedhas_altar_3, uniq_iyjb

Skill      XL: |  1  2  3  4 |
---------------+-------------+-----
Poison Magic   | 1 2 |  2.0
Unarmed Combat | 4 |  4.7
Transmutations | 3 |  3.3
Fighting       | |  1.0
Dodging        | |  1.5
Spellcasting   | |  2.0

Action                   |  1- 3 |  4- 6 || total
-------------------------+-------+-------++-------
Melee: Unarmed           |   138 |    78 ||   216
       Headbutt          |     3 |       ||     3
       Punch             |     1 |       ||     1
 Cast: Beastly Appendage |    10 |     1 ||    11
       Spider Form       |     1 |     4 ||     5
 Abil: Spit Poison       |    14 |     3 ||    17
  Use: Potion            |       |     1 ||     1
  Eat: Chunk             |     3 |     4 ||     7
Armor: Robe              |    38 |    17 ||    55
       Skin              |     1 |     2 ||     3
Dodge: Dodged            |   106 |    43 ||   149
